 BcadrenCrawl: Boulder Brew version 0.05.31-16-g17090fb0d7 (webtiles) character file.

Game seed: 11852327387296531333, levelgen mode: deterministic

102 diana the Ducker (level 5, 0/35 HPs) Goblin Demonspawn. Began on Sept 23, 2021. Slain by a sewer rat (4 damage) ... on level 2 of the Dungeon. The game lasted 00:03:10 (1295 turns).

diana the Ducker (Goblin Demonspawn)                Turns: 1295, Time: 00:03:11

Health: 0/35       AC:  3    Str:  8    XL:     5 ^: 122
Magic:  5/5        EV: 14    Int:  6    God:
Gold:   42         SH:  0    Dex:  6    Spells: 5/6 levels left

rFire    . . .     Vision   .   a - +0 long sword
rCold    . . .     Gourm    .   (weapon restricted)
rNeg     . . .     Faith    .   b - +0 leather armour
rCorr    . . .     Spirit   .   (no helmet)
rPois    .         Reflect  .   (no cloak)
rElec    .         Harm     .   (no gloves)
MR       .....                  (no boots)
Stlth    ++........             (no amulet)
HPRegen  0.21/turn              (no ring)
MPRegen  0.15/turn              (no ring)

@: berserk cooldown
A: small, stagnant stats, goblin's greed, low mp 1, mutation resistance 1,
nightstalker 1, powered by death 1, god's pity 2
a: no special abilities


You were on level 2 of the Dungeon.
You were not hungry.

You visited 1 branch of the dungeon, and saw 2 of its levels.

You collected 34 gold pieces.

Inventory:

Weapons
 a - a +0 long sword (weapon)
 e - a +0 dagger
Armour
 b - a +0 leather armour (worn)
Jewellery
 c - a cursed ring of protection {(Curse: *Tele)}
 j - a cursed ring of stealth {(Curse: rF-)}
Scrolls
 f - 2 scrolls of magic mapping
Potions
 g - a potion of magic
 i - 2 potions of heal wounds
Comestibles
 d - 4 rations


   Skills:
 * Level 2.6 Fighting
 * Level 3.7 Long Blades
 + Level 2.4 Armour
 + Level 4.8 Dodging
 - Level 2.6 Stealth
 - Level 0.2 Unarmed Combat
 - Level 1.3 Spellcasting
 - Level 2.6 Fire Magic
   Level 4.0 Invocations


You had 5 spell levels left.
You knew the following spells:

 Your Spells              Type           Power        Failure   Level  Hunger
a - Flame Tongue          Fire           3 (30)       17%         1    32-52

Your spell library contained the following spells:

 Spells                   Type           Power        Failure   Level  Hunger
 Slow Hex 0 (100) 45% 1 32-52 Conjure Flame Fire 3 (100) 45% 3 112-172 Blink Tloc N/A 61% 2 72-112 Call Imp Summ 0 (100) 61% 2 72-112 Mephitic Cloud Pois/Air       0 (100)      83%         3    112-172


Dungeon Overview and Level Annotations

Branches:
Dungeon (2/8)

Altars:


Innate Abilities, Weirdness & Mutations

Your stats never grow through leveling.
You are small and have problems with some larger weapons.
Your goblin ancestry allows you to find more gold. (+20 %)
Your magical capacity is low. (-15% MP)
You are somewhat resistant to further mutation.
You are slightly more attuned to the shadows.
You regenerate a little health from kills.
The pity of the gods increases the power of your passive and invoked divine abilities.


Message History

You miss the sewer rat. You closely miss the sewer rat.
The sewer rat closely misses you (0).
You riposte.
You barely miss the sewer rat. You closely miss the sewer rat.
You barely miss the sewer rat. The sewer rat bites you (1).
* * * LOW HITPOINT WARNING * * *
The sewer rat closely misses you (0).
You riposte.
You closely miss the sewer rat. You barely miss the sewer rat.
You closely miss the sewer rat. The sewer rat barely misses you (0).
A giant cockroach comes into view.
The sewer rat bites you (2).
* * * LOW HITPOINT WARNING * * *
You closely miss the sewer rat. x2
You feel yourself speed up. The sewer rat misses you (0).
The sewer rat barely misses you (0).
You riposte.
You hit the sewer rat but do no damage. You closely miss the sewer rat.
You barely miss the sewer rat. The sewer rat bites you (4).
You die...

##.##.≈≈.≈≈##≈#
#≈###≈≈≈≈≈≈#..
##.≈.≈≈≈≈≈≈≈#
####
####≈≈≈≈≈≈##
≈.≈ #≈≈≈...#
#≈≈ #....≈.##.#
#≈≈b≈≈r#≈≈#
#≈≈≈≈rrr#s#
#≈≈≈≈≈≈#@≈#
#≈≈≈≈≈≈####
#.≈≈≈≈≈#
#..b.≈.#
#[.r..≈#
#≈≈.≈≈≈...≈
##..≈≈≈....#
#≈≈≈≈≈.#.≈#
#≈≈≈≈≈P#≈.#


You could see 4 sewer rats and a giant cockroach.

Vanquished Creatures
  2 giant cockroaches (D:1)
  3 cinder newts (D:1)
  2 oozes (D:2)
  A dart slug (D:1)
  2 leopard geckos
  3 goblins (D:1)
  5 hobgoblins (D:1)
  3 ball pythons (D:1)
  15 bats
  3 kobolds (D:1)
  5 rats (D:1)
44 creatures vanquished.

Vanquished Creatures (others)
  23 withered plants (D:2)
23 creatures vanquished.

Grand Total: 67 creatures vanquished

Notes
Turn   | Place    | Note
-------+----------+-------------------------------------------
     0 | D:1      | diana the Goblin Demonspawn began the quest for the Orb.
     0 | D:1      | Reached XP level 1. HP: 13/13 MP: 1/1
   127 | D:1      | Reached skill level 1 in Armour
   133 | D:1      | Gained mutation: You are slightly more attuned to the
                  | shadows. [demonic ancestry]
   133 | D:1      | Reached XP level 2. HP: 13/18 MP: 3/3
   157 | D:1      | Reached XP level 3. HP: 21/23 MP: 4/4
   390 | D:1      | Gained mutation: You regenerate a little health from kills.
                  | [demonic ancestry]
   390 | D:1      | Reached XP level 4. HP: 28/29 MP: 4/4
  1067 | D:2      | Reached XP level 5. HP: 33/35 MP: 5/5
  1295 | D:2      | Slain by a sewer rat

Levels and vault maps discovered:
D:1:      tarquinn_simple_flora_water_b, layout_basic, dk_vineyard_2
D:2:      layout_sewer, minitemple

Skill      XL: |  1  2  3 |
---------------+----------+-----
Armour         | 1 2 |  2.4
Long Blades    | 3 |  3.7
Fighting       | 2 |  2.6
Dodging        | |  4.8
Stealth        | |  2.6
Unarmed Combat | |  0.2
Spellcasting   | |  1.3
Fire Magic     | |  2.6
Invocations    | |  4.0

Action                   |  1- 3 |  4- 6 || total
-------------------------+-------+-------++-------
Melee: Long sword        |   112 |   278 ||   390
       Unarmed           |    96 |   261 ||   357
  Use: Potion            |       |     1 ||     1
 Stab: Sleeping          |     5 |     3 ||     8
  Eat: Chunk             |       |     2 ||     2
       Ration            |       |     1 ||     1
Armor: Leather armour    |    30 |    74 ||   104
Dodge: Dodged            |   137 |   342 ||   479
       Rpst.: Long sword |    48 |   126 ||   174
